Map: Abyssal Reef LE

Players

Serral - Winner!

  • Race: Zerg Zerg
  • League: Master
  • Spawn Location: 5:00

Harstem

  • Race: Protoss Protoss
  • League: Grandmaster
  • Spawn Location: 11:00

Event: HomeStory Cup XXVI

VOD

Have the link to the VOD?

Description

Time

  • Played on: Nov. 30, 2024, 4:08 p.m.
  • Length: 8:56

All games in this series

Show
View Real Time Build Order
Export as new Build Order

Serral Zerg - Winner!

Build Orders: Hatch First, Lurkers 

Get SALT Encoding   

  12  0:00  Drone  
  13  0:08  Drone  
  13  0:14  Drone, Extractor  
  15  0:35  Hatchery  
  15  0:39  Extractor  
  15  0:40  Drone  
  15  0:46  Overlord  
  15  1:04  Drone  
  15  1:05  Drone x2  
  18  1:12  Spawning Pool  
  18  1:15  Drone  
  18  1:18  Extractor  
  17  1:26  Drone  
  18  1:37  Drone  
  19  1:48  Drone  
  19  1:49  Overlord  
  20  1:59  Queen  
  20  2:00  Queen  
  20  2:01  Zergling x2  
  25  2:03  Zergling x2  
  26  2:09  Drone x2  
  28  2:20  Drone x2  
  28  2:21  Metabolic Boost  
  30  2:31  Drone x2  
  32  2:42  Hatchery  
  31  2:49  Queen  
  33  2:54  Overlord  
  33  2:56  Zergling x2  
  34  2:58  Zergling x2  
  34  3:02  Drone  
  34  3:05  Overlord  
  36  3:14  Drone x3  
  36  3:15  Drone  
  36  3:18  Drone  
  41  3:22  Drone  
  41  3:24  Drone  
  43  3:30  Spore Crawler  
  43  3:31  Queen  
  44  3:35  Queen  
  44  3:38  Drone  
  47  3:42  Drone x2  
  47  3:44  Drone  
  47  3:47  Drone x2  
  52  3:52  Spore Crawler  
  52  3:54  Overlord  
  51  3:56  Zergling x2  
  51  3:57  Drone  
  51  3:59  Drone  
  51  4:02  Drone  
  55  4:03  Drone  
  55  4:05  Drone  
  55  4:09  Overlord  
  57  4:10  Drone  
  57  4:15  Queen  
  60  4:19  Drone  
  60  4:21  Zergling x2  
  60  4:23  Drone  
  63  4:25  Drone  
  63  4:28  Drone, Overlord  
  63  4:30  Drone  
  63  4:31  Drone  
  66  4:35  Spore Crawler  
  66  4:36  Overlord  
  66  4:38  Drone  
  66  4:40  Drone  
  66  4:43  Drone x3  
  70  4:46  Drone x2  
  70  4:49  Evolution Chamber  
  70  4:50  Drone, Overlord  
  72  4:56  Drone x2  
  72  4:59  Extractor  
  73  5:01  Drone  
  73  5:02  Hatchery  
  73  5:03  Drone  
  73  5:04  Drone  
  75  5:08  Lair  
  75  5:10  Extractor  
  75  5:11  Zergling x6  
  75  5:13  Zergling x2  
  78  5:16  Zerg Melee Weapons Level 1  
  78  5:17  Overlord  
  78  5:20  Zergling x2  
  78  5:21  Zergling x4  
  81  5:22  Drone x2  
  81  5:24  Drone x2  
  81  5:27  Drone x2  
  87  5:29  Drone x2  
  87  5:35  Overlord, Extractor  
  88  5:36  Zergling x2  
  88  5:40  Zergling x2  
  88  5:48  Zergling x18  
  93  5:53  Extractor  
  94  5:59  Drone, Queen  
  94  6:00  Drone  
  94  6:01  Drone x3  
  100  6:06  Overlord  
  100  6:09  Infestation Pit  
  100  6:10  Drone, Overseer  
  98  6:13  Zergling x4  
  98  6:16  Drone  
  98  6:17  Queen  
  103  6:19  Zergling x6  
  103  6:20  Spore Crawler  
  103  6:21  Hatchery  
  103  6:23  Overlord  
  104  6:26  Zergling x6  
  106  6:35  Zergling x14  
  110  6:41  Hydralisk Den, Overlord  
  105  6:49  Zergling x8  
  105  6:51  Drone x3  
  105  6:52  Drone  
  105  6:54  Drone x2  
  114  6:56  Overlord  
  114  6:58  Hive  
  114  6:59  Overlord  
  112  7:01  Drone x2  
  112  7:02  Drone  
  115  7:08  Overlord  
  115  7:11  Drone x2  
  115  7:12  Drone, Grooved Spines  
  118  7:16  Lurker Den  
  118  7:19  Drone x2  
  118  7:21  Extractor  
  118  7:22  Hydralisk x3  
  118  7:32  Hydralisk x6  
  118  7:36  Drone x4  
  130  7:37  Extractor  
  130  7:38  Extractor  
  130  7:40  Drone x3  
  131  7:44  Drone x2  
  131  7:45  Drone x3  
  131  7:50  Overlord  
  136  7:52  Zergling x12  
  136  7:56  Overlord  
  136  7:58  Zergling x8  
  146  8:02  Overlord  
  145  8:08  Drone  
  145  8:09  Drone  
  145  8:12  Zergling x4  
  148  8:16  Overseer  
  148  8:17  Lurker x3  
  148  8:18  Lurker  
  152  8:22  Drone x2, Extractor  
  152  8:23  Drone x4, Extractor  
  152  8:24  Overlord  
  152  8:26  Overlord  
  155  8:28  Hydralisk x2  
  155  8:29  Zergling x2  
  160  8:35  Overseer  
  160  8:39  Lurker x3  
  171  8:56  Lurker x3  
Show
View Real Time Build Order
Export as new Build Order

Harstem Protoss 

Build Orders: 1 Gate Expand, Oracle Opening 

Get SALT Encoding   

  12  0:01  Probe  
  13  0:13  Probe  
  14  0:19  Pylon  
  14  0:25  Probe  
  15  0:33  Assimilator, Probe  
  15  0:41  Probe  
  16  0:48  Gateway  
  17  0:51  Probe  
  18  1:03  Probe  
  19  1:15  Probe  
  20  1:24  Nexus  
  20  1:35  Cybernetics Core  
  20  1:37  Probe  
  21  1:41  Assimilator  
  21  1:49  Probe  
  21  1:52  Pylon  
  22  2:01  Adept, Probe  
  23  2:12  Warp Gate  
  23  2:13  Probe  
  26  2:21  Adept, Stargate  
  26  2:25  Probe  
  27  2:36  Probe  
  30  2:37  Probe  
  31  2:49  Probe x2  
  33  2:55  Oracle  
  33  3:01  Probe x2  
  38  3:13  Probe x2  
  40  3:21  Nexus  
  40  3:24  Pylon  
  40  3:25  Oracle, Probe  
  40  3:27  Probe  
  42  3:31  Assimilator  
  42  3:39  Probe  
  46  3:42  Probe  
  46  3:46  Gateway  
  47  3:49  Pylon  
  47  3:51  Probe  
  48  3:57  Probe  
  48  3:58  Twilight Council  
  49  4:09  Probe  
  50  4:11  Probe  
  50  4:14  Gateway  
  50  4:16  Gateway, Blink  
  51  4:20  Adept  
  51  4:21  Probe  
  51  4:23  Probe  
  55  4:33  Probe  
  55  4:34  Probe  
  55  4:35  Forge, Probe  
  55  4:38  Assimilator  
  58  4:41  Adept x2  
  62  4:45  Probe  
  62  4:46  Probe  
  62  4:48  Probe  
  65  4:57  Probe  
  65  4:58  Probe  
  67  5:01  Stalker  
  67  5:03  Stalker, Probe  
  67  5:04  Protoss Ground Weapons Level 1  
  67  5:05  Pylon  
  72  5:10  Probe  
  72  5:11  Probe  
  74  5:15  Probe  
  74  5:20  Stalker  
  77  5:23  Probe, Pylon  
  77  5:24  Probe  
  77  5:27  Stalker, Probe  
  82  5:35  Probe  
  82  5:36  Probe  
  82  5:41  Probe  
  85  5:49  Stalker x3  
  85  5:50  Probe  
  85  5:51  Pylon  
  85  5:52  Assimilator  
  85  5:53  Stalker  
  85  5:55  Probe x2  
  85  5:56  Assimilator  
  86  5:57  Templar Archives  
  86  6:02  Probe  
  88  6:13  Stalker x2  
  88  6:15  Stalker  
  88  6:16  Gateway  
  88  6:17  Stalker  
  88  6:18  Gateway, Probe  
  96  6:23  Charge, Pylon  
  96  6:24  Pylon  
  96  6:32  Probe  
  97  6:37  Stalker, Probe  
  97  6:39  Stalker  
  100  6:41  Zealot x2  
  100  6:46  Probe  
  101  6:52  Probe  
  101  6:53  Probe  
  97  6:58  Probe  
  98  7:04  Probe  
  98  7:05  Stalker x2  
  98  7:06  Stalker  
  98  7:08  Probe  
  106  7:10  Probe  
  106  7:14  Pylon  
  107  7:18  Gateway  
  107  7:19  Gateway  
  107  7:22  Psionic Storm  
  108  7:27  Stalker x3  
  108  7:29  Probe  
  111  7:33  Probe  
  113  7:41  Probe  
  113  7:50  Nexus  
  113  7:51  Pylon  
  113  7:52  High Templar x3  
  113  7:53  High Templar  
  113  7:54  Pylon  
  113  7:55  Probe  
  122  8:07  Probe  
  123  8:14  Zealot x4  
  123  8:15  Nexus  
  123  8:17  Pylon  
  131  8:20  Fleet Beacon  
  131  8:21  Pylon, Stargate  
  131  8:30  Stalker, Pylon  
  131  8:32  Pylon  
  131  8:33  Pylon  
  133  8:34  Pylon  
  133  8:40  Shield Battery  
  133  8:41  Shield Battery, Probe  
  134  8:46  Zealot x3  
  137  8:50  Archon  
Tags
 
Add a new tag
Caveats
  • Supply blocks, unpowered buildings, or Contaminate may cause inaccurate times.
  • Supply counts are checked every 10 seconds.